AoeStats
← ERgood

Nomad

510769697Analyzed
3v3 RM · 23h ago on Oct 2, 2026· 34m 10s· 6 players
Game mode
Random Map
Map size
210×210
Population
200
Speed
Normal
Resources
Standard
Victory
Conquest
Starting age
Dark Age
Ending age
Imperial Age
RankedLock teamsTeams togetherTeam positionsShared explorationLock speedFull tech treeHidden civsTurbo modeCheats
Victory
Defeat
🇹🇼 Varangians · Taiwan
1198
+12
🇹🇼 Goths · Taiwan
1083
+18
🇹🇼 Huns · Taiwan
1079
+17
🇧🇬 Malay · Bulgaria
1131
-16
🇪🇸 Byzantines · Spain
1116
-16
🇨🇳 Magyars · China
1089
-15
北极熊
17:38 Feudal Age
22:01 Castle Age
19:28 Man-at-Arms
20:57 Arson
21:35 Fishing Lines
25:51 Fletching
29:36 Wheelbarrow
28:51 Loom
28:53 Town Watch
29:23 Gillnets
32:36 Double-Bit Axe
pablov02
6:52 Loom
14:47 Feudal Age
19:02 Wheelbarrow
20:01 Double-Bit Axe
20:47 Fishing Lines
26:26 Castle Age
26:42 Fletching
26:53 Scale Mail Armor
26:36 Crossbowman
29:44 Bodkin Arrow
30:40 Thumb Ring
33:11 Gold Mining
34:06 Padded Archer Armor
Yahel
5:09 Loom
14:07 Feudal Age
13:53 Double-Bit Axe
15:51 Fishing Lines
20:36 Castle Age
20:11 Horse Collar
20:25 Stone Mining
20:26 Gold Mining
20:50 Gillnets
21:37 Medium Warships
22:36 Bow Saw
23:29 Man-at-Arms
24:19 Squires
24:24 Long Swordsman
29:13 Thalassocracy
30:03 Forging
29:44 Fletching
31:43 Ballistics
奧萬大谷翔平
12:59 Loom
15:07 Feudal Age
16:09 Double-Bit Axe
19:04 Castle Age
17:58 Scale Mail Armor
18:16 Gold Mining
19:49 Forging
19:38 Arson
20:41 Wheelbarrow
20:33 Bow Saw
20:49 Squires
26:42 Stone Mining
29:04 Town Watch
31:08 Horse Collar
31:26 Gambesons
31:51 Heavy Plow
32:53 Hand Cart
33:13 Chain Mail Armor
33:53 Iron Casting
ERgood
4:23 Loom
16:06 Feudal Age
18:08 Man-at-Arms
24:35 Castle Age
23:45 Double-Bit Axe
25:24 Wheelbarrow
遠方的燈
3:18 Loom
15:23 Feudal Age
19:31 Castle Age
17:21 Double-Bit Axe
18:07 Scale Barding Armor
18:24 Bloodlines
18:35 Scale Barding Armor
19:33 Forging
20:59 Bow Saw
21:20 Forging
21:35 Horse Collar
27:12 Heavy Plow
28:36 Medium Warships
Connection lost

Rejoining the realm…

Still unreachable

The connection could not be restored.

Session expired

The server has moved on; the page needs a fresh start.